 Dungeon Crawl Stone Soup version 0.28-a0-1235-g7c8fac35f0 (webtiles) character file.

Game seed: 10607269357543574251

1411 rogsnak the Conjurer (level 8, -3/54 HPs)
             Began as a Demonspawn Air Elementalist on Dec 25, 2021.
             Slain by an ogre (21 damage)
             ... on level 6 of the Dungeon.
             The game lasted 00:17:18 (6474 turns).

rogsnak the Conjurer (Demonspawn Air Elementalist)  Turns: 6474, Time: 00:17:18

Health: -3/54      AC:  8    Str: 15    XL:     8   Next: 43%
Magic:  10/16      EV: 12    Int: 19    God:
Gold:   160        SH:  0    Dex: 13    Spells: 9/17 levels left

rFire   . . .      SeeInvis .   A - +1 war axe (elec)
rCold   + . .      Faith    .   (no shield)
rNeg    . . .      Spirit   .   a - +0 robe
rPois   .          Reflect  .   u - +2 hat
rElec   .          Harm     .   w - scarf {+Inv}
rCorr   .          Rampage  .   x - +1 pair of gloves
Will    .....                   (no boots)
Stlth   ++........              q - amulet of the acrobat
HPRegen 0.18/turn               o - ring of protection from cold
MPRegen 0.15/turn               C - +6 ring of strength

@: no status effects
A: claws 2, icy blue scales 1
a: Evoke Invisibility


You were on level 6 of the Dungeon.
You visited 1 branch of the dungeon, and saw 6 of its levels.

You collected 160 gold pieces.

Inventory:

Hand Weapons
 d - a +0 club
 t - a +0 quarterstaff
 y - a +0 rapier
 A - a +1 war axe of electrocution (weapon)
 B - a +0 dagger of draining
Missiles
 G - 5 poisoned darts
Armour
 a - a +0 robe (worn)
 l - a +0 helmet
 u - a +2 hat (worn)
 w - a scarf of invisibility (worn)
 x - a +1 pair of gloves (worn)
Magical Staves
 p - a staff of cold
Jewellery
 o - a ring of protection from cold (left hand)
 q - an amulet of the acrobat (around neck)
 v - a ring of protection from cold
 C - a +6 ring of strength (right hand)
Wands
 m - a wand of mindburst (5)
Scrolls
 b - 2 scrolls of immolation {unknown}
 c - 2 scrolls of acquirement {unknown}
 f - 2 scrolls of enchant weapon {unknown}
 g - 7 scrolls of identify {unknown}
 j - a scroll of fear {unknown}
 n - 2 scrolls of vulnerability {unknown}
 r - 3 scrolls of fog {unknown}
 s - a scroll of holy word {unknown}
 z - 2 scrolls of teleportation {unknown}
 F - a scroll of blinking {unknown}
Potions
 e - a potion of degeneration {unknown}
 h - 6 potions of curing {unknown}
 i - 2 potions of heal wounds {unknown}
 k - a potion of brilliance {unknown}
 D - a potion of flight {unknown}
 E - a potion of might {unknown}


   Skills:
 + Level 1.2 Fighting
 + Level 2.5 Dodging
 - Level 1.8 Stealth
 + Level 5.3 Spellcasting
 * Level 6.4 Conjurations
 + Level 5.7 Air Magic


You had 9 spell levels left.
You knew the following spells:

 Your Spells              Type           Power      Damage    Failure   Level
a - Shock                 Conj/Air       100%       1d9       1%          1
b - Swiftness             Air            26%        N/A       3%          3
c - Airstrike             Air            13%        N/A       12%         4

Your spell library contained the following spells:

 Spells                   Type           Power      Damage    Failure   Level
 Static Discharge         Conj/Air       28%        N/A       1%          2


Dungeon Overview and Level Annotations

Branches:
Dungeon (6/15)
 Temple: D:4-7

Altars:
Makhleb
Qazlal
Yredelemnul

Shops:
D:2 [   D:3 (   D:5 ?

Annotations:
D:4 2 transporters, r3xj's ghost, weakling MiDe


Innate Abilities, Weirdness & Mutations

You have very sharp fingernails.
You are partially covered in icy blue scales. (AC +2)


Message History

Press: ? - help, Shift-Dir - straight line, f/p - kobold brigand
Aim: a kobold brigand, wielding a +1 vampiric dagger and quivering poisoned darts (severely wounded, 67% to hit)
Okay, then.
Casting: Shock (safe; 1% risk of failure)
Confirm with . or Enter, or press ? or * to list all spells.
Aiming: Shock (safe; 1% risk of failure)
Press: ? - help, Shift-Dir - straight line, f/p - kobold brigand
Aim: a kobold brigand, wielding a +1 vampiric dagger and quivering poisoned darts (severely wounded, 67% to hit)
The zap hits the ogre.
The ogre is heavily wounded.
The zap hits the kobold brigand!
You kill the kobold brigand!
The zap hits the kobold.
The kobold is heavily wounded.
The ogre hits you with a +0 giant club!!
Unknown command.
Casting: Shock (safe; 1% risk of failure)
Confirm with . or Enter, or press ? or * to list all spells.
Aiming: Shock (safe; 1% risk of failure)
Press: ? - help, Shift-Dir - straight line, f - ogre
Aim: an ogre, wielding a +0 giant club (heavily wounded, 88% to hit)
The zap hits the ogre.
The ogre is severely wounded.
The zap misses the kobold. x2; The ogre misses you.
Unknown command.
Unknown command.
Unknown command.
Casting: Shock (safe; 1% risk of failure)
Confirm with . or Enter, or press ? or * to list all spells.
Aiming: Shock (safe; 1% risk of failure)
Press: ? - help, Shift-Dir - straight line, f/p - ogre
Aim: an ogre, wielding a +0 giant club (severely wounded, 88% to hit)
The zap hits the ogre.
The ogre is almost dead.
The zap misses the kobold.
The zap hits the kobold!
You kill the kobold!
The zap hits the kobold.
You kill the kobold!
The ogre hits you with a +0 giant club!!
You die...

##############...##...##
##..##...# #..#...##
#.....## #.....# #....##
##..## ##..# #.@## ##O#
. ##K# .. ####K<# ##..K
.######....###..KK.
...........##...KK.
...........#..)....
....######)........ .
#.K....)..


You could see an ogre and 2 kobolds.

Vanquished Creatures
  2 ice beasts
  A black bear (D:6)
  3 necrophages
  2 ogres
  2 kobold brigands (D:6)
  2 scorpions
  4 hounds
  A jelly (D:6)
  3 iguanas
  An orc wizard (D:5)
  2 hound zombies (D:5)
  Robin (D:2)
  4 adders
  2 shadow imps (D:6)
  A white imp (D:6)
  2 ufetubi
  3 adder skeletons
  11 orcs
  4 bats
  4 endoplasms
  4 giant cockroaches
  10 goblins
  10 hobgoblins
  5 jackals (D:2)
  2 quokkas (D:2)
  2 ball pythons (D:2)
  4 frilled lizards
  13 kobolds
  4 rats
109 creatures vanquished.

Notes
Turn   | Place    | Note
-------+----------+-------------------------------------------
     0 | D:1      | rogsnak the Demonspawn Air Elementalist began the quest for
                  | the Orb.
     0 | D:1      | Reached XP level 1. HP: 13/13 MP: 3/3
   252 | D:1      | Gained mutation: You have sharp fingernails. [demonic
                  | ancestry]
   252 | D:1      | Reached XP level 2. HP: 19/19 MP: 3/5
   413 | D:1      | Found a faded altar of an unknown god.
  1418 | D:2      | Noticed Robin
  1530 | D:1      | Reached XP level 3. HP: 3/24 MP: 1/6
  1945 | D:2      | Killed Robin
  2146 | D:2      | Found Ymoiff's Antique Armour Shop.
  2149 | D:2      | Reached skill level 2 in Conjurations
  2673 | D:2      | Reached XP level 4. HP: 31/31 MP: 6/8
  3474 | D:3      | Reached XP level 5. HP: 36/36 MP: 4/9
  3474 | D:3      | Found Oprox's Weapon Shoppe.
  3930 | D:4      | Reached skill level 3 in Conjurations
  4134 | D:4      | Found a transporter.
  4138 | D:4      | Noticed r3xj's ghost (weakling MiDe)
  4175 | D:4      | Found a transporter.
  4329 | D:4      | Found a burning altar of Makhleb.
  4352 | D:4      | Noticed a necrophage
  4363 | D:4      | Killed a necrophage
  4364 | D:4      | Reached XP level 6. HP: 42/42 MP: 4/11
  4368 | D:4      | Learned a level 3 spell: Swiftness
  4373 | D:4      | Learned a level 4 spell: Airstrike
  4585 | D:5      | Entered Level 5 of the Dungeon
  4724 | D:5      | Noticed an ice beast
  4742 | D:5      | Found Zehafis's Magic Scroll Boutique.
  4806 | D:5      | Killed an ice beast
  4807 | D:5      | Reached skill level 4 in Conjurations
  5047 | D:5      | Gained mutation: You have very sharp fingernails. [demonic
                  | ancestry]
  5047 | D:5      | Reached XP level 7. HP: 39/47 MP: 8/13
  5302 | D:5      | Reached skill level 1 in Fighting
  5302 | D:5      | Reached skill level 5 in Conjurations
  5519 | D:5      | Found a basalt altar of Yredelemnul.
  5519 | D:5      | Found a stormy altar of Qazlal.
  5618 | D:5      | Reached skill level 5 in Air Magic
  6016 | D:6      | Gained mutation: You are partially covered in icy blue
                  | scales. (AC +2) [demonic ancestry]
  6016 | D:6      | Reached XP level 8. HP: 51/54 MP: 0/15
  6269 | D:6      | Reached skill level 5 in Spellcasting
  6274 | D:6      | Reached skill level 6 in Conjurations
  6474 | D:6      | Slain by an ogre

Illustrated notes

Levels and vault maps discovered:
D:1:      lightli_arrival_statuegarden, layout_loops_cross,
          shapermc_ecumenical_altar_starsandcircs, item_on_display_a
D:2:      layout_loops_ring, serial_shops, nicolae_lakefront_shop,
          nrook_campfire, grunt_decor_junction, uniq_robin
D:3:      layout_rooms, serial_shops, nicolae_shop_bloodbath_and_beyond,
          chequers_serial_rivers_large_a, corexii_hall_statues_i, minmay_cupped
D:4:      layout_cave_pools, bloody_makhleb, gammafunk_ghost_mausoleum
D:5:      layout_rooms, amethyst_overflow_temple_binary, serial_shops, shop
D:6:      layout_cave_pods

Skill      XL: |  1  2  3  4  5  6  7  8 |
---------------+-------------------------+-----
Air Magic      | 3 4 5 |  5.7
Conjurations   | 2 3 4 5 6 |  6.4
Dodging        | 2 |  2.5
Spellcasting   | 3 4 5 |  5.3
Fighting       | 1 |  1.2
Stealth        | |  1.8

Action                   |  1- 3 |  4- 6 |  7- 9 || total
-------------------------+-------+-------+-------++-------
Melee: Unarmed           |     1 |       |       ||     1
       Club              |    18 |       |       ||    18
       Staff             |     6 |       |       ||     6
       Quarterstaff      |       |     1 |       ||     1
       War axe           |       |     4 |    17 ||    21
 Cast: Shock             |    85 |   117 |    91 ||   293
       Airstrike         |       |     3 |     2 ||     5
Armor: Robe              |    14 |    15 |     7 ||    36
Dodge: Dodged            |    34 |    37 |    33 ||   104

Table legend: (Time is in decaauts)
 A = Elapsed time spent in this place.
 B = Non-inter-level travel time spent in this place.
 C = Inter-level travel time spent in this place.
 D = Time resting spent in this place.
 E = Time spent auto-exploring this place.
 F = Levels seen in this place.
 G = Mean time per level.
                   A        B        C        D        E       F      G
               +--------+--------+--------+--------+--------+-----+--------+
         Total |   6502 |   6355 |    147 |   1520 |   3699 |   6 | 1083.7 |
       Dungeon |   6502 |   6355 |    147 |   1520 |   3699 |   6 | 1083.7 |
               +--------+--------+--------+--------+--------+-----+--------+

Top non-repeatable levels by time:
     D:2: 1647 daAuts
     D:1: 1230 daAuts
     D:4: 1081 daAuts
     D:5: 1036 daAuts
     D:3: 847 daAuts
     D:6: 660 daAuts
